 Dungeon Crawl Stone Soup version 0.21-a0-538-gd16b88a (webtiles) character file.

23868 Amnesiac the Slinger (level 13, -7/88 HPs)
             Began as a Halfling Fighter on Dec 16, 2017.
             Was a High Priest of Okawaru.
             Mangled by a troll (19 damage)
             ... on level 13 of the Dungeon.
             The game lasted 01:02:08 (17760 turns).

Amnesiac the Slinger (Halfling Fighter)            Turns: 17760, Time: 01:02:09

Health: -7/88      AC: 18    Str: 25    XL:     13   Next: 38%
Magic:  16/16      EV: 18    Int:  7    God:    Okawaru [*****.]
Gold:   531        SH: 13    Dex: 15    Spells: 4/12 levels left

rFire    + . .     SeeInvis .   b - +1 scimitar (flame)
rCold    . . .     Gourm    .   c - +0 shield
rNeg     . . .     Faith    +   y - +0 ring mail {rF+}
rPois    +         Spirit   .   q - +2 helmet
rElec    .         Reflect  .   C - +2 cloak
rCorr    +         Harm     .   A - +2 pair of gloves of the Distant Future {rPois Str+4 Int+3 Slay-3}
MR       +....                  l - +0 pair of boots
Stlth    +++.......             o - amulet of faith
HPRegen  0.24/turn              P - ring of resist corrosion
MPRegen  0.15/turn              u - ring of protection from magic

@: hasted, silenced, very quick
A: small, dopey 1, mutation resistance 1, poison resistance
a: Renounce Religion


You were on level 13 of the Dungeon.
You worshipped Okawaru.
Okawaru was extremely pleased with you.
You were very full.

You visited 2 branches of the dungeon, and saw 14 of its levels.

You collected 752 gold pieces.
You spent 221 gold pieces at shops.

Inventory:

Hand Weapons
 a - a +0 hunting sling
 b - a +1 scimitar of flaming (weapon)
Missiles
 h - 305 stones (quivered)
 n - 36 poisoned needles
 M - 184 sling bullets
Armour
 c - a +0 shield (worn)
 l - a +0 pair of boots (worn)
 q - a +2 helmet (worn)
 y - a +0 ring mail of fire resistance (worn)
 A - the +2 pair of gloves of the Distant Future (worn) {rPois Str+4 Int+3 Slay-3}
   (You found it on level 7 of the Dungeon)

   It affects your strength (+4).
   It affects your intelligence (+3).
   It affects your accuracy and damage with ranged weapons and melee attacks
   (-3).
   It protects you from poison.
 C - a +2 cloak (worn)
Jewellery
 o - an amulet of faith (around neck)
 p - an uncursed ring of positive energy
 t - an uncursed ring of wizardry
 u - a ring of protection from magic (right hand)
 w - an uncursed ring of ice
 P - a ring of resist corrosion (left hand)
Wands
 B - a wand of polymorph (21)
Scrolls
 j - a scroll of silence {!r}
 k - 9 scrolls of identify {!r}
 m - a scroll of remove curse {!r}
 s - a scroll of magic mapping {!r}
 x - a scroll of amnesia {!r}
 I - a scroll of holy word {!r}
 K - 6 scrolls of teleportation {!r}
 L - 2 scrolls of fear {!r}
 O - 3 scrolls of fog {!r}
 S - 2 scrolls of blinking {!r}
 V - a scroll of enchant armour {!r}
Potions
 d - 4 potions of brilliance {!q}
 e - 2 potions of agility {!q}
 i - a potion of haste {!q}
 r - 3 potions of lignification {!q}
 v - 2 potions of flight {!q}
 E - 2 potions of ambrosia {!q}
 G - 2 potions of cancellation {!q}
 H - 2 potions of berserk rage {!q}
 Q - 2 potions of might {!q}
 R - a potion of magic {!q}
Books
 J - a book of Callings

   Spells                             Type                      Level
   a - Summon Small Mammal            Summoning                    1
   b - Call Imp                       Summoning                    2
   c - Call Canine Familiar           Summoning                    3
   d - Summon Guardian Golem          Hexes/Summoning              3
   e - Summon Lightning Spire         Summoning/Air                4
   f - Summon Ice Beast               Ice/Summoning                4
Comestibles
 f - 7 bread rations
 z - 4 meat rations
 D - 22 royal jellies


   Skills:
 * Level 7.9 Fighting
   Level 6.2 Short Blades
 + Level 14.9 Slings
 * Level 9.2 Armour
 * Level 9.3 Dodging
 + Level 7.1 Stealth
 * Level 9.3 Shields
 + Level 4.4 Invocations
 - Level 4.0 Evocations


You had 4 spell levels left.
You knew the following spells:

 Your Spells              Type           Power        Failure   Level  Hunger
e - Mephitic Cloud        Conj/Pois/Air  #.......     99%         3    ####...
s - Conjure Flame         Conj/Fire      #.......     99%         3    ####...
v - Blink                 Tloc           N/A          96%         2    ###....


Dungeon Overview and Level Annotations

Branches:
Dungeon (13/15)            Temple (1/1) D:4            Lair (0/6) D:9
    Orc (0/2) D:9
 Vaults: D:13-14

Altars:
Ashenzari
Cheibriados
Dithmenos
Elyvilon
Fedhas
Gozag
Hepliaklqana
Kikubaaqudgha
Makhleb
Nemelex Xobeh
Okawaru
Qazlal
Ru
Sif Muna
Trog
Uskayaw
Vehumet
Wu Jian
Xom
Yredelemnul
Zin
The Shining One
Beogh

Shops:
D:6 :   D:8 !   D:9 (

Annotations:
D:13 1 transporter, 1 runed door


Innate Abilities, Weirdness & Mutations

You are small and have problems with some larger weapons.
You are somewhat resistant to further mutation.
You are dopey. (Int -2)
Your system is resistant to poisons. (rPois)


Message History

Unknown command.
Unknown command.
Okay, then.
The moth of wrath's fur bristles in rage as it notices you.
You block the troll's attack. The troll misses you.
The troll closely misses you.
A two-headed ogre and a troll come into view.
The troll closely misses you. The troll claws you!
* * * LOW HITPOINT WARNING * * *
The troll claws you!
* * * LOW HITPOINT WARNING * * *
Press: ? - help, v - describe, . - travel, g - get item A manual of Shields.
The floor.
This square is shrouded in silence.
A deep troll earth mage comes into view.
Found a human skeleton.
Evoke which item? (* to show all) (? for menu, Esc to quit)
Okay, then.
The ettin rages.
You see here 22 gold pieces.
The moth of wrath goads the two-headed ogre on!
The two-headed ogre goes berserk!
You see here 5 gold pieces.
The ogre mage grins.
You see here a wand of flame (24).
The two-headed ogre rages.
Found a human skeleton.
You see here a manual of Shields.
The moth of wrath's fur bristles in rage as it notices you.
You see here a glowing broad axe.
The ettin rages.
You see here 23 gold pieces.
You see here 16 gold pieces.
The two-headed ogre rages.
The ettin rages.
The troll rages.
There is a large open door here.
Evoke which item? (* to show all) (? for menu, Esc to quit)
Aiming: Paralyse
Press: ? - help, Shift-Dir - straight line, f - troll
Aim: a troll (silenced, berserk, fast, unusually strong, chance to defeat MR: 58%)
Okay, then.
Okay, then.
You see here a large rock.
Okay, then.
Unknown command.
Okay, then.
Unknown command.
Okay, then.
Okay, then.
Unknown command.
Okay, then.
Char dumped successfully.
Okay, then.
Evoke which item? (* to show all) (? for menu, Esc to quit)
Aiming: Paralyse
Press: ? - help, Shift-Dir - straight line, f - deep troll
Aim: a deep troll (silenced, chance to defeat MR: 40%)
The deep troll resists with some effort.
The now-empty wand crumbles to dust.
The troll misses you. The troll claws you!
* * * LOW HITPOINT WARNING * * *
The troll claws you!!
You die...

....................#
######.....
...#########.......##
#....# ...##
#.......# ##'#.#
....# #.......# #.#.#
....# ###.©.### #.#..
....# #y#####y# #.##.
....# ###########
#..#. ....#
##..')©.'..## ##+#.
....# ##...'OT@'...##
#...≈ ....#
###...C#..(#)T..###
#..≈# .####
#§#..#########..#§#
#..## ...#
###..#y##W##y#..###
#..## ...#
#y#..####+####..#y#
#..## ...#
#e#...T$)_[$$...#O#
###..## ...#
#p#....$):/$....#e#
#....# ...#
#e#..⌠..$!(..⌠..#O#
#..).## ...#
#T#.............#T#
#......


You could see an ettin (berserk), a two-headed ogre (berserk), a deep troll, a
moth of wrath, a silent spectre and a troll (berserk).

Vanquished Creatures
  Nessos (D:12)
  A merfolk javelineer (D:11)
  Fannar (D:11)
  5 two-headed ogres
  A hydra (D:13)
  2 centaur warriors
  Urug (D:11)
  A deep elf knight (D:11)
  An unseen horror (D:12)
  Pikel (D:6)
  2 ugly things
  A deep elf mage (D:11)
  3 cyclopes
  Joseph (D:8)
  An efreet (D:12)
  A queen bee (D:11)
  3 merfolk (D:11)
  A troll (D:11)
  4 slime creatures
  2 hippogriffs
  Sigmund (D:2)
  4 wraiths
  A wyvern (D:10)
  17 yaks
  2 hungry ghosts
  An acid dragon (D:11)
  Duvessa (D:7)
  A slave (D:6)
  4 sky beasts
  A hornet zombie (D:10)
  A black bear (D:6)
  3 ice beasts
  A necrophage (D:11)
  5 orc warriors
  3 phantoms
  4 ogres
  An eye of draining (D:13)
  5 centaurs
  A big kobold (D:11)
  6 bullfrogs
  A gnoll sergeant (D:4)
  Dowan (D:7)
  A wyvern skeleton (D:10)
  3 scorpions
  30 killer bees
  10 wights
  2 howler monkeys
  5 crimson imps
  A bullfrog zombie (D:6)
  2 centaur zombies
  4 hounds
  6 centaur skeletons
  3 orc priests
  7 bullfrog skeletons
  6 jellies
  9 iguanas
  3 orc wizards
  9 worker ants
  Ijyb (D:4)
  3 hound zombies
  A hound skeleton (D:7)
  Robin (D:2)
  A worker ant zombie (D:10)
  5 adders
  6 gnolls
  3 shadow imps
  7 oozes
  An adder skeleton (D:5)
  A worm (D:4)
  A dart slug (D:1)
  3 leopard geckos
  37 orcs
  9 giant cockroaches
  7 goblins
  6 hobgoblins
  16 jackals
  3 quokkas
  11 bats
  8 frilled lizards
  13 kobolds
  2 quokka skeletons
  7 rats
353 creatures vanquished.

Vanquished Creatures (collateral kills)
  An orc priest (D:11)
  3 gnolls (D:4)
4 creatures vanquished.

Vanquished Creatures (others)
  A yak (D:10)
  A slave (D:7)
  A big kobold (D:7)
  A scorpion (D:7)
  2 howler monkeys (D:7)
  A crimson imp (D:7)
  A hound (D:7)
  An orc priest (D:7)
  A leopard gecko (D:7)
  3 orcs (D:7)
  A jackal (D:7)
14 creatures vanquished.

Grand Total: 371 creatures vanquished

Notes
Turn   | Place    | Note
-------+----------+-------------------------------------------
     0 | D:1      | Amnesiac the Halfling Fighter began the quest for the Orb.
     0 | D:1      | Reached XP level 1. HP: 15/15 MP: 1/1
    53 | D:1      | Reached skill level 1 in Dodging
    57 | D:1      | Reached XP level 2. HP: 9/20 MP: 2/2
   331 | D:1      | Reached XP level 3. HP: 23/25 MP: 3/3
   628 | D:1      | Reached skill level 1 in Stealth
   631 | D:1      | Reached XP level 4. HP: 21/30 MP: 4/4
  1210 | D:2      | Noticed Sigmund
  1221 | D:2      | Killed Sigmund
  1221 | D:2      | Reached XP level 5. HP: 36/36 MP: 5/5
  1221 | D:2      | Reached XP level 6. HP: 42/42 MP: 6/6
  1331 | D:2      | Noticed Robin
  1339 | D:2      | Killed Robin
  2019 | D:4      | Noticed Ijyb
  2038 | D:4      | Killed Ijyb
  2132 | D:4      | Reached XP level 7. HP: 9/46 MP: 7/7
  2905 | D:4      | Found a staircase to the Ecumenical Temple.
  3120 | Temple   | Entered the Ecumenical Temple
  3313 | Temple   | Became a worshipper of Warmaster Okawaru
  3363 | D:5      | Entered Level 5 of the Dungeon
  3535 | D:5      | Reached XP level 8. HP: 41/54 MP: 8/8
  3625 | D:5      | Reached skill level 5 in Shields
  3755 | D:5      | Found a bloodstained altar of Trog.
  3957 | D:5      | Reached skill level 5 in Armour
  4244 | D:6      | Reached skill level 5 in Dodging
  4266 | D:6      | HP: 1/54 [iguana (11)]
  4284 | D:6      | HP: 4/81 [adder (2)]
  4290 | D:6      | HP: 2/81 [poisoned by an adder]
  4300 | D:6      | Reached * piety under Okawaru
  4881 | D:6      | Reached XP level 9. HP: 23/60 MP: 9/9
  5062 | D:6      | Reached ** piety under Okawaru
  5066 | D:6      | Reached skill level 5 in Fighting
  5415 | D:6      | Found Nusor's Book Shop.
  5843 | D:7      | Found a shattered altar of Ashenzari.
  5892 | D:7      | Got a pair of faintly humming gloves
  5987 | D:7      | Noticed Pikel
  6090 | D:6      | Killed Pikel
  6501 | D:7      | Noticed Duvessa
  6522 | D:7      | Killed Duvessa
  6522 | D:7      | Reached *** piety under Okawaru
  6522 | D:7      | Reached skill level 5 in Stealth
  6526 | D:7      | Noticed Dowan
  6527 | D:7      | Killed Dowan
  6615 | D:7      | Reached XP level 10. HP: 57/66 MP: 13/13
  6699 | D:7      | Reached skill level 1 in Invocations
  6719 | D:7      | Identified the +2 pair of gloves of the Distant Future {rPois Str+4 Int+3 Slay-3} (You found it on level 7 of the Dungeon)
  7153 | D:7      | Found a burning altar of Makhleb.
  7154 | D:7      | Found a glowing golden altar of the Shining One.
  7154 | D:7      | Found an opulent altar of Gozag.
  7154 | D:7      | Found an ornate altar of the Wu Jian Council.
  7156 | D:7      | Found a deep blue altar of Sif Muna.
  7157 | D:7      | Found a blossoming altar of Fedhas.
  7405 | D:8      | Reached skill level 5 in Short Blades
  7495 | D:8      | Noticed Joseph
  7566 | D:8      | Killed Joseph
  7612 | D:8      | Found Bynicym's Distillery.
  7617 | D:8      | Bought a potion of heal wounds for 65 gold pieces
  7617 | D:8      | Bought a potion of degeneration for 13 gold pieces
  7618 | D:8      | Bought a potion of flight for 39 gold pieces
  7618 | D:8      | Bought a potion of invisibility for 104 gold pieces
  7682 | D:8      | Reached skill level 1 in Slings
  7692 | D:8      | Gained mutation: You have a pair of small horns on your head. [mutagenic meat]
  7799 | D:8      | Lost mutation: You have a pair of small horns on your head. [potion of mutation]
  7799 | D:8      | Gained mutation: Your system is resistant to poisons. (rPois) [potion of mutation]
  7799 | D:8      | Gained mutation: You are dopey. (Int -2) [potion of mutation]
  7844 | D:8      | Found a sacrificial altar of Ru.
  7889 | D:9      | Found Meosaocw's Antique Weapon Boutique.
  7981 | D:9      | Reached skill level 2 in Slings
  8005 | D:9      | Found a staircase to the Lair.
  8034 | D:9      | Noticed a cyclops
  8256 | D:9      | Found a glowing silver altar of Zin.
  8261 | D:9      | Found a staircase to the Orcish Mines.
  8310 | D:9      | Reached skill level 3 in Slings
  8484 | D:9      | Reached **** piety under Okawaru
  8484 | D:9      | Reached skill level 4 in Slings
  8662 | D:10     | Entered Level 10 of the Dungeon
  8691 | D:10     | Reached skill level 5 in Slings
  8859 | D:10     | Noticed a two-headed ogre
  8877 | D:10     | Received a gift from Okawaru
  8877 | D:10     | Reached skill level 6 in Slings
  8920 | D:10     | Reached skill level 7 in Slings
  8943 | D:10     | Killed a two-headed ogre
  8943 | D:10     | Received a gift from Okawaru
  8943 | D:10     | Reached skill level 9 in Slings
  9100 | D:10     | Reached XP level 11. HP: 51/72 MP: 14/14
  9125 | D:10     | Reached skill level 10 in Slings
  9415 | D:10     | Reached skill level 11 in Slings
  9921 | D:11     | Noticed Fannar
  9969 | D:11     | Learned a level 2 spell: Blink
  9973 | D:11     | Learned a level 3 spell: Mephitic Cloud
  9977 | D:11     | Learned a level 3 spell: Conjure Flame
 10023 | D:11     | Noticed a purple ugly thing
 10040 | D:11     | Killed a purple ugly thing
 10045 | D:11     | Reached ***** piety under Okawaru
 10045 | D:11     | Reached skill level 12 in Slings
 10179 | D:11     | HP: 2/72 [Fannar/bolt of cold (32)]
 10220 | D:10     | Received a gift from Okawaru
 10510 | D:11     | Killed Fannar
 10510 | D:11     | Received a gift from Okawaru
 10510 | D:11     | Reached skill level 13 in Slings
 10879 | D:11     | Was placed under penance by Okawaru
 10913 | D:11     | Noticed a merfolk javelineer
 10913 | D:11     | Noticed a centaur warrior
 10913 | D:11     | Noticed a deep elf knight
 10930 | D:11     | Noticed Urug
 11287 | D:11     | Killed Urug
 11287 | D:11     | Was forgiven by Okawaru
 11287 | D:11     | Reached skill level 14 in Slings
 11296 | D:11     | Killed a deep elf knight
 11399 | D:10     | Killed a centaur warrior
 11646 | D:11     | Received a gift from Okawaru
 12482 | D:9      | Killed a cyclops
 12854 | D:11     | Received a gift from Okawaru
 13474 | D:11     | Killed a merfolk javelineer
 13669 | D:11     | Received a gift from Okawaru
 13669 | D:11     | Reached XP level 12. HP: 35/79 MP: 15/15
 14766 | D:12     | Noticed Nessos
 14810 | D:12     | Killed Nessos
 15029 | D:12     | Noticed a two-headed ogre
 15045 | D:12     | Killed a two-headed ogre
 15115 | D:12     | Noticed a two-headed ogre
 15145 | D:12     | Killed a two-headed ogre
 15210 | D:12     | Received a gift from Okawaru
 15327 | D:12     | Killed an unseen horror
 15480 | D:13     | Identified a paperback manual
 15589 | D:13     | Received a gift from Okawaru
 16042 | D:12     | Reached XP level 13. HP: 76/86 MP: 16/16
 16642 | D:13     | Found a roughly hewn altar of Beogh.
 16695 | D:13     | Noticed a seven-headed hydra
 16707 | D:13     | Killed a one-headed hydra
 16823 | D:13     | Noticed a centaur warrior
 16834 | D:13     | Killed a centaur warrior
 16928 | D:13     | Found a transporter.
 17408 | D:13     | Noticed an ettin
 17411 | D:13     | Found a bloodstained altar of Trog.
 17412 | D:13     | Found the cursed necklace of Bloodlust {*Rage +Rage MR++ Int-3 Slay+6 *Curse}
 17479 | D:13     | Found a transporter.
 17479 | D:13     | Found a runed door.
 17760 | D:13     | Mangled by a troll

Vault maps used:
D:1:      minmay_arrival_solitary_statue
D:2:      first_bread, uniq_sigmund, uniq_robin
D:4:      minmay_wonky_spiral, temple_statues, uniq_ijyb
D:5:      trog_three_pillars_becter
D:6:      black_bear_nest_2, serial_shops, shop, minivault_27
D:7:      minitemple, lemuel_crystal_altar, uniq_pikel, uniq_duvessa
D:8:      nicolae_ru_path_of_blood, serial_shops, shop, uniq_joseph
D:9:      zin_statuary, lair_entry_dummy, orc_0_dummy, serial_shops, shop
D:11:     special_room, uniq_urug, uniq_fannar
D:12:     uniq_nessos
D:13:     emtedronai_trogs_sanctum, special_room, hangedman_little_slice_of_home
Temple:   nicolae_temple_figure_eight

Skill      XL: |  1  2  3  4  5  6  7  8  9 10 11 12 13 |
---------------+----------------------------------------+-----
Dodging        | 1 2 3 4 5 6 7 8 9 |  9.3
Stealth        | 1 2 3 4 5 6 7 |  7.1
Fighting       | 3 4 5 6 7 |  7.9
Short Blades   | 3 4 5 6 |  6.2
Shields        | 4 5 6 7 8 9 |  9.3
Armour         | 4 5 6 7 8 9 |  9.2
Evocations     | 4 |  4.0
Invocations    | 1 2 3 4 |  4.4
Slings         | 9 14 | 14.9

Action                   |  1- 3 |  4- 6 |  7- 9 | 10-12 | 13-15 || total
-------------------------+-------+-------+-------+-------+-------++-------
Melee: Rapier            |   127 |   179 |   556 |   593 |       ||  1455
       Scimitar          |       |       |       |       |   163 ||   163
 Fire: Hunting sling     |       |       |       |   995 |   131 ||  1126
Throw: Throwing net      |       |       |       |     1 |       ||     1
Invok: Finesse           |       |       |       |     2 |       ||     2
       Heroism           |       |       |       |     1 |       ||     1
Evoke: Wand              |       |     3 |    23 |    92 |     5 ||   123
  Use: Potion            |       |     1 |     3 |     5 |     1 ||    10
       Scroll            |       |     3 |    13 |    13 |       ||    29
 Stab: Sleeping          |       |       |       |     3 |     4 ||     7
       Paralysed         |       |       |       |     8 |     2 ||    10
       Confused          |       |       |       |     1 |       ||     1
       Held in net/web   |       |       |       |     1 |       ||     1
  Eat: Chunk             |       |     4 |    15 |    18 |     6 ||    43
       Royal jelly       |       |       |     1 |     3 |       ||     4
       Fruit             |       |       |       |     5 |       ||     5
       Meat ration       |       |       |       |     1 |       ||     1
       Bread ration      |       |       |       |       |     2 ||     2
Armor: Scale mail        |    40 |    69 |   124 |   205 |       ||   438
       Skin              |       |       |    25 |       |       ||    25
       Ring mail         |       |       |       |    47 |    50 ||    97
Dodge: Dodged            |    65 |    87 |   232 |   473 |   117 ||   974
Block: Shield            |    56 |    94 |   276 |   623 |   148 ||  1197
       Rpst.: Scimitar   |       |       |       |       |    29 ||    29

Table legend:
 A = Spawn XP
 B = Non-spawn XP
 C = Spawn XP percentage of total XP
 D = Spawn monster count
 E = Non-spawn monster count
 F = Spawn count percentage of total count
 G = Total turns spent on level
                    A         B        C        D         E        F      G
               +---------+---------+-------+---------+---------+-------+---------
         Total |       0 |   34098 |   0.0 |       0 |     351 |   0.0 | 17760
               +---------+---------+-------+---------+---------+-------+---------
           D:1 |       0 |      77 |   0.0 |       0 |      33 |   0.0 |   949
           D:2 |       0 |     265 |   0.0 |       0 |      19 |   0.0 |   457
           D:3 |       0 |      84 |   0.0 |       0 |      22 |   0.0 |   738
           D:4 |       0 |     465 |   0.0 |       0 |      18 |   0.0 |  1015
           D:5 |       0 |     542 |   0.0 |       0 |      19 |   0.0 |  1316
           D:6 |       0 |    1932 |   0.0 |       0 |      23 |   0.0 |  1334
           D:7 |       0 |     670 |   0.0 |       0 |      26 |   0.0 |  1429
           D:8 |       0 |     700 |   0.0 |       0 |       6 |   0.0 |   719
           D:9 |       0 |    1309 |   0.0 |       0 |      12 |   0.0 |  1237
          D:10 |       0 |    3569 |   0.0 |       0 |      28 |   0.0 |  1921
          D:11 |       0 |    7030 |   0.0 |       0 |      59 |   0.0 |  2429
          D:12 |       0 |    9110 |   0.0 |       0 |      34 |   0.0 |  2116
          D:13 |       0 |    8345 |   0.0 |       0 |      52 |   0.0 |  1896
               +---------+---------+-------+---------+---------+-------+---------
